 Dungeon Crawl Stone Soup version 0.26.1-11-gd32895ea62 (webtiles) character file.

Game seed: 1167332408906903104

292 Zeld the Cleaver (level 6, -3/76 HPs)
             Began as a Minotaur Berserker on May 23, 2021.
             Was a Follower of Trog.
             Slain by a bullfrog (6 damage)
             ... on level 7 of the Dungeon.
             The game lasted 00:01:25 (1124 turns).

Zeld the Cleaver (Minotaur Berserker)               Turns: 1124, Time: 00:01:25

Health: -3/76      AC:  0    Str: 24    XL:     6   Next: 10%
Magic:  5/5        EV: 12    Int:  4    God:    Trog [*.....]
Gold:   29         SH:  0    Dex:  9    Spells: 5/5 levels left

rFire    . . .     SeeInvis .   a - +0 hand axe
rCold    . . .     Faith    .   (no shield)
rNeg     . . .     Spirit   .   (no armour)
rPois    .         Reflect  .   (helmet restricted)
rElec    .         Harm     .   (no cloak)
rCorr    .         Rampage  .   (no gloves)
Will     .....                  (no boots)
Stlth    ..........             (no amulet)
HPRegen  0.22/turn              (no ring)
MPRegen  0.09/turn              (no ring)

@: berserking, lethally poisoned (-3 -> -17), very quick
A: retaliatory headbutt, horns 2
a: Renounce Religion, Berserk


You were on level 7 of the Dungeon.
You worshipped Trog.
Trog was aware of your devotion.
You visited 1 branch of the dungeon, and saw 7 of its levels.

You collected 29 gold pieces.

Inventory:

Hand Weapons
 a - a +0 hand axe (weapon)
Jewellery
 g - an uncursed ring of ice {unknown}
Scrolls
 c - 2 scrolls of identify {unknown}
Potions
 d - a potion of lignification {unknown}
 e - a potion of curing {unknown}
 f - a potion of might {unknown}


   Skills:
 - Level 3.6 Fighting
 * Level 8.3 Axes
 - Level 2.4 Armour
 - Level 2.1 Dodging


You had 5 spell levels left.
You didn't know any spells.
Your spell library was empty.

Dungeon Overview and Level Annotations

Branches:
Dungeon (7/15)             Temple (0/1) D:4

Altars:
Dithmenos
Yredelemnul

Shops:
D:4 (:


Innate Abilities, Weirdness & Mutations

You reflexively headbutt those who attack you in melee.
You have a pair of horns on your head.


Message History

The killer bee stings you.
You are poisoned.
The killer bee poisons you! The killer bee stings you!
You are more poisoned.
The killer bee poisons you!
A red film seems to cover your vision as you go berserk!
You feel yourself moving faster!
You feel mighty!
You feel sick. The killer bee stings you! The bullfrog hits you.
The killer bee stings you. x2
* * * LOW HITPOINT WARNING * * *
You are more poisoned.
The killer bee poisons you! The bullfrog hits you.
* * * LOW HITPOINT WARNING * * *
You are too injured to fight recklessly!
Unknown command.
You hit the killer bee.
The killer bee is moderately wounded.
You slash the killer bee! You slash the bullfrog! The killer bee stings you!
* * * LOW HITPOINT WARNING * * *
The bullfrog hits you.
You die...

.. #....... ...
#.#.......#
...##.#$......#
...#.#.......#
#...#......
#......#.#
#...<..#
##...### #y@.#
...yy.yF......#
....##y.......#
... ........$#
.. #.........#
. ...##..<..#
..#. ...!.#
.#### .....#


You could see a bullfrog and 5 killer bees.

Vanquished Creatures
  2 ogres
  A hound (D:6)
  An orc wizard (D:5)
  2 worker ants
  2 adder skeletons
  A leopard gecko (D:2)
  2 orcs (D:5)
  2 goblins (D:2)
  A quokka (D:2)
  A kobold (D:1)
  2 rats (D:2)
17 creatures vanquished.

Notes
Turn   | Place    | Note
-------+----------+-------------------------------------------
     0 | D:1      | Zeld the Minotaur Berserker began the quest for the Orb.
     0 | D:1      | Reached XP level 1. HP: 19/19 MP: 0/0
   316 | D:2      | Reached skill level 4 in Axes
   535 | D:2      | Reached XP level 2. HP: 25/26 MP: 1/1
   545 | D:3      | Found a basalt altar of Yredelemnul.
   550 | D:4      | Noticed an ogre
   555 | D:4      | Reached skill level 5 in Axes
   555 | D:4      | Reached XP level 3. HP: 31/31 MP: 2/2
   560 | D:4      | Killed an ogre
   561 | D:4      | Reached skill level 6 in Axes
   561 | D:4      | Reached XP level 4. HP: 33/39 MP: 3/3
   564 | D:4      | Found Tironafu's Weapon Shoppe.
   624 | D:4      | Found a staircase to the Ecumenical Temple.
   651 | D:4      | Found Witan's Book Boutique.
   680 | D:5      | Entered Level 5 of the Dungeon
   680 | D:5      | Found a shadowy altar of Dithmenos.
   754 | D:5      | Noticed an ogre
   762 | D:5      | Reached skill level 7 in Axes
   762 | D:5      | Reached XP level 5. HP: 45/45 MP: 4/4
   769 | D:5      | Killed an ogre
   770 | D:5      | Reached skill level 8 in Axes
  1018 | D:6      | Reached XP level 6. HP: 39/51 MP: 5/5
  1124 | D:7      | HP: 3/76 [killer bee (9)]
  1124 | D:7      | Slain by a bullfrog

Illustrated notes

Levels and vault maps discovered:
D:1:      psy_arrival_radial01, layout_basic
D:2:      layout_loops_cross, nemelex_xobeh_ov_fountains_minmay,
          marbit_many_paths
D:3:      layout_loops_cross, minitemple
D:4:      layout_cave_pools, nzn_hepliaklqana_mist_gate,
          nicolae_ashenzari_panopticon, minmay_temple_entry_waves, serial_shops,
          nicolae_shop_temple_entry_statues_fountains, shop, shop_statue,
          kennysheep_little_box, uniq_duvessa
D:5:      layout_basic, basic_altar
D:6:      layout_loops_cross, basic_altar, eino_small_chamber_without_monster,
          grunt_qazlal_sundering
D:7:      minmay_recursive_quarters, layout_rooms, serial_shops, shop,
          uniq_harold

Skill      XL: |  1  2  3  4  5 |
---------------+----------------+-----
Axes           | 4 5 6 7 8 |  8.3
Fighting       | |  3.6
Armour         | |  2.4
Dodging        | |  2.1

Action                   |  1- 3 |  4- 6 || total
-------------------------+-------+-------++-------
Melee: Hand axe          |    21 |    26 ||    47
       Headbutt          |     3 |     3 ||     6
Invok: Berserk           |     2 |     2 ||     4
  Use: Potion            |       |     1 ||     1
Dodge: Dodged            |    14 |    12 ||    26
